 Dungeon Crawl Stone Soup version 0.28-a0-537-g3bccd9ccbf (webtiles) character file.

Game seed: 896354146926763329

21 AttackTheMoon the Vexing (level 2, 0/16 HPs)
             Began as a Deep Elf Arcane Marksman on Sept 27, 2021.
             Slain by a jackal (2 damage)
             ... on level 1 of the Dungeon.
             The game lasted 00:04:17 (780 turns).

AttackTheMoon the Vexing (Deep Elf Arcane Marksman)  Turns: 780, Time: 00:04:17

Health: 0/16       AC:  2    Str:  6 (7)  XL:     2   Next: 62%
Magic:  7/7        EV: 12    Int: 15 (17) God:
Gold:   20         SH:  0    Dex: 12 (15) Spells: 3/5 levels left

rFire   . . .      SeeInvis .   a - +0 shortbow
rCold   . . .      Faith    .   (shield currently unavailable)
rNeg    . . .      Spirit   .   d - +0 robe
rPois   .          Reflect  .   (no helmet)
rElec   .          Harm     .   (no cloak)
rCorr   .          Rampage  .   (no gloves)
Will    .....                   (no boots)
Stlth   ++........              (no amulet)
HPRegen 0.05/turn               (no ring)
MPRegen 0.10/turn               (no ring)

@: mighty, flying
A: no striking features
a: no special abilities


You were on level 1 of the Dungeon.
You visited 1 branch of the dungeon, and saw 1 of its levels.

You collected 20 gold pieces.

Inventory:

Hand Weapons
 a - a +0 shortbow (weapon)
Armour
 d - a +0 robe (worn)
Scrolls
 e - a scroll of identify


   Skills:
 - Level 0.7 Fighting
 + Level 3.0 Bows
 + Level 2.8 Dodging
 + Level 1.0 Stealth
 + Level 2.1 Spellcasting
 + Level 4.3 Hexes
 + Level 0.1 Translocations


You had 3 spell levels left.
You knew the following spells:

 Your Spells              Type           Power      Damage    Failure   Level
a - Slow                  Hex            14%        N/A       5%          2

Your spell library contained the following spells:

 Spells                   Type           Power      Damage    Failure   Level
 Inner Flame              Hex/Fire       8%         N/A       26%         3
 Portal Projectile        Hex/Tloc       16%        N/A       26%         3
 Cause Fear               Hex            7%         N/A       36%         4


Dungeon Overview and Level Annotations

Branches:
Dungeon (1/15)

Altars:

Shops:
D:1 (


Message History

The jackal completely misses you.
You clumsily bash the jackal but do no damage.
The jackal bites you.
* * * LOW HITPOINT WARNING * * *
The jackal barely misses you. x2; The jackal misses you.
The jackal barely misses you.
As you read the scroll labelled BECWEGENY, it crumbles to dust.
It is a scroll of identify.
f - a scroll of blinking The jackal misses you.
The jackal closely misses you. The jackal bites you.
* * * LOW HITPOINT WARNING * * *
Blink to where?
Press: ? - help, Dir - move target, p - jackal
As you read the scroll of blinking, it crumbles to dust.
It was a potion of might.
You feel very mighty all of a sudden.
You barely miss the jackal.
The jackal is moderately wounded.
The jackal bites you but does no damage.
The jackal closely misses you. x2
It was a potion of degeneration.
There was something very wrong with that liquid.
You feel weakened.
You feel dopey.
You feel clumsy. The jackal misses you. The jackal closely misses you.
It was a potion of flight.
You feel very buoyant.
You fly up into the air.
The jackal bites you but does no damage.
You hit the jackal!
You kill the jackal!
The jackal bites you but does no damage.
The jackal bites you.
* * * LOW HITPOINT WARNING * * *
The jackal closely misses you. The jackal barely misses you.
You are too injured to fight recklessly!
You clumsily bash the jackal.
You kill the jackal!
The jackal barely misses you. The jackal misses you.
You closely miss the jackal. The jackal bites you.
You die...

#...............#
#.##########....#
#######.#######
#..∩.#
.....(........#
#†...#
.#####.....(#.#
##....# #....((#.#
#.....#
#......#.###.#...#
###
#.......#.h##.##.##
#..
#....(...@†.#.##..#
#..
#....(..##..#.##..##
#.. #.......#
#.#.##...# #..
..((##### #.#.##.#.#
#.. # #...##.#.# #..
##..##.#.#####..
#..............
#..###.##..##### #.#
#.......#


You could see a jackal.

Vanquished Creatures
  4 endoplasms (D:1)
  2 giant cockroaches (D:1)
  A hobgoblin (D:1)
  3 jackals (D:1)
  A kobold (D:1)
  A quokka (D:1)
  A ball python (D:1)
  2 bats (D:1)
  A frilled lizard (D:1)
  2 rats (D:1)
18 creatures vanquished.

Notes
Turn   | Place    | Note
-------+----------+-------------------------------------------
     0 | D:1      | AttackTheMoon the Deep Elf Arcane Marksman began the quest
                  | for the Orb.
     0 | D:1      | Reached XP level 1. HP: 11/11 MP: 5/5
   523 | D:1      | Reached XP level 2. HP: 16/16 MP: 6/6
   526 | D:1      | Learned a level 2 spell: Slow
   643 | D:1      | Reached skill level 1 in Stealth
   705 | D:1      | Found Paqidwej's Weapon Shop.
   780 | D:1      | Slain by a jackal

Illustrated notes

Levels and vault maps discovered:
D:1:      minmay_arrival_jagged, layout_rooms, serial_shops, shop

Skill      XL: |  1  2 |
---------------+-------+-----
Bows           | 3 |  3.0
Spellcasting   | 2 |  2.1
Stealth        | 1 |  1.0
Fighting       | |  0.7
Dodging        | |  2.8
Hexes          | |  4.3
Translocations | |  0.1

Action                   || total
-------------------------++-------
Melee: Shortbow          ||     6
 Fire: Shortbow          ||    60
 Cast: Slow              ||     4
  Use: Potion            ||     3
       Scroll            ||     2
Armor: Robe              ||     6
Dodge: Dodged            ||    24

Table legend: (Time is in decaauts)
 A = Elapsed time spent in this place.
 B = Non-inter-level travel time spent in this place.
 C = Inter-level travel time spent in this place.
 D = Time resting spent in this place.
 E = Time spent auto-exploring this place.
 F = Levels seen in this place.
 G = Mean time per level.
                   A        B        C        D        E       F      G
               +--------+--------+--------+--------+--------+-----+--------+
         Total |    791 |    791 |      0 |    361 |    281 |   1 |  791.0 |
       Dungeon |    791 |    791 |      0 |    361 |    281 |   1 |  791.0 |
               +--------+--------+--------+--------+--------+-----+--------+

Top non-repeatable levels by time:
     D:1: 791 daAuts
